Panthers vs Lightning

Created - 19 mars 2018 at 20:02

Goals
1 2 3 T
Panthers 1 1 0 2
Lightning 0 1 0 1
Shots
1 2 3 T
Panthers 14 15 11 40
Lightning 19 9 3 31

1st period

1. Panthers , Andrew Ladd 14 (J.T. Miller 32, Nick Schultz 8) at 17:44

Penalties :
No Penalty

2nd period

2. Panthers , Ales Hemsky 13 (Adam McQuaid 15) at 2:15
3. Lightning , Noah Hanifin 2 (Mikko Koivu 35, Jonathan Marchessault 18) at 3:14

Penalties :
No Penalty

3rd period

No Goal

Penalties :
Antoine Vermette (TAM) for Hooking (Minor) at 0:59, Radko Gudas (TAM) for Hooking (Minor) at 9:54

Goalie Stats

Pekka Rinne (FLA), 30 saves from 31 shots - (0,968), W, 23-16-2, 60:00 minutes
Braden Holtby (TAM), 38 saves from 40 shots - (0,950), L, 24-15-10, 60:00 minutes

Players Stats for Panthers

Player Name              G  A  P  +/- PIM S  H  SB GA TA FO     MP     PP MP  PK MP  
------------------------------------------------------------------------------------
Adam McQuaid             0  1  1   1  0   1  4  0  0  0  0/0    18:56   1:05   0:00 
Alec Martinez            0  0  0  -1  0   2  1  0  0  0  0/0    27:09   2:53   0:00 
Ales Hemsky              1  0  1   0  0   3  0  0  0  1  1/2    16:20   0:58   0:00 
Andrew Ladd              1  0  1   1  0   4  0  0  1  0  0/0    15:18   0:58   0:00 
Brian Campbell           0  0  0   1  0   0  3  0  1  0  0/0    13:55   0:00   0:00 
Devante Smith-Pelly      0  0  0   0  0   2  3  0  0  0  0/0    10:49   0:00   0:00 
J.T. Miller              0  1  1   1  0   4  1  0  0  0  3/5    18:30   3:00   0:00 
Jannik Hansen            0  0  0   0  0   4  0  0  0  0  0/1     9:09   0:00   0:00 
Jay Bouwmeester          0  0  0  -1  0   2  1  2  0  1  0/0    22:16   2:53   0:00 
Josh Jooris              0  0  0   0  0   2  3  0  0  0  2/3     9:44   0:00   0:00 
Kyle Brodziak            0  0  0   0  0   3  2  0  1  0  6/17   13:19   0:00   0:00 
Martin Hanzal            0  0  0   0  0   2  1  0  0  0  10/14  16:15   0:00   0:00 
Mats Zuccarello          0  0  0   0  0   1  2  0  0  1  0/1    21:14   3:00   0:00 
Matt Greene              0  0  0   1  0   0  0  0  0  1  0/0    22:33   0:00   0:00 
Matt Moulson             0  0  0   0  0   2  1  2  0  0  0/0    12:50   0:00   0:00 
Nick Schultz             0  1  1   1  0   0  2  0  0  0  0/0    15:11   1:05   0:00 
Taylor Hall              0  0  0   0  0   4  3  0  2  0  2/3    21:14   3:00   0:00 
Tomas Plekanec           0  0  0   1  0   4  2  0  1  0  11/19  15:18   0:58   0:00 

Players Stats for Lightning

Player Name              G  A  P  +/- PIM S  H  SB GA TA FO     MP     PP MP  PK MP  
------------------------------------------------------------------------------------
Andrej Sekera            0  0  0   0  0   0  0  0  0  0  0/0     5:25   0:00   1:05 
Andrew Cogliano          0  0  0   1  0   0  2  0  0  0  1/4    17:28   0:00   1:31 
Antoine Vermette         0  0  0  -1  2   4  2  0  0  0  10/27  23:11   0:00   1:16 
Colin Miller             0  0  0  -1  0   0  2  2  0  0  0/0    30:35   0:00   2:28 
Dennis Seidenberg        0  0  0   0  0   1  1  1  0  0  0/0    18:08   0:00   1:30 
Drew Stafford            0  0  0   0  0   1  0  0  0  0  0/0     9:28   0:00   0:30 
Jonathan Marchessault    0  1  1   1  0   5  1  1  1  0  0/1    15:38   0:00   0:00 
Matt Cullen              0  0  0  -1  0   0  0  0  0  1  2/6    14:19   0:00   0:00 
Michal Rozsival          0  0  0   0  0   0  1  1  0  0  0/0    11:17   0:00   0:00 
Mike Ribeiro             0  0  0  -1  0   1  2  0  0  0  0/0    11:32   0:00   0:00 
Mikko Koivu              0  1  1   1  0   1  1  2  0  0  11/18  18:19   0:00   2:45 
Nick Foligno             0  0  0  -1  0   4  1  0  1  0  1/1    21:03   0:00   0:43 
Noah Hanifin             1  0  1  -1  0   3  2  1  2  2  0/0    30:35   0:00   2:28 
Radim Vrbata             0  0  0  -1  0   6  1  0  0  0  1/3    20:48   0:00   0:43 
Radko Gudas              0  0  0   0  2   1  1  4  0  2  0/0    24:00   0:00   0:25 
Ryan Dzingel             0  0  0   0  0   0  0  0  0  1  0/0     7:41   0:00   0:00 
Ryan Nugent-Hopkins      0  0  0  -1  0   4  0  0  0  0  4/5    16:33   0:00   0:28 
Tyler Seguin             0  0  0   0  0   0  0  0  0  0  0/0     0:00   0:00   0:00 

3 Stars

1 - Pekka Rinne (FLA)
2 - Braden Holtby (TAM)
3 - Andrew Ladd (FLA)

Power Play

Panthers - 0 on 2 Attempt(s) - 0,00%
Lightning - 0 on 0 Attempt(s) - 0,00%

Penalty Kill

Panthers - 0 on 0 Attempt(s) - 0,00% - Score 0 goal in Penalty Kill
Lightning - 2 on 2 Attempt(s) - 100,00% - Score 0 goal in Penalty Kill

Team Stat

Panthers - Hits : 29 - Faceoff Wins : 35 - Blocked Shots : 4 - Penalty Minutes : 0
Lightning - Hits : 17 - Faceoff Wins : 30 - Blocked Shots : 12 - Penalty Minutes : 4

Official

Referees : Dave Jackson and Justin StPierre
Linesman : Pierre Racicot and Brian Mach

Game Notes

No Game Note

Finance

Level 1 -- Attendance: 6000 (100,00%) -- Ticket Income 510 000 $
Level 2 -- Attendance: 2912 (58,24%) -- Ticket Income 218 400 $
Level 3 -- Attendance: 1132 (56,60%) -- Ticket Income 62 260 $
Level 4 -- Attendance: 1805 (45,13%) -- Ticket Income 72 200 $
Luxury Box -- Attendance: 962 (96,20%) -- Ticket Income 144 300 $
Game was played at the Tampa Baseball Stadium.
Total Attendance: 12811 (71,17%)
Total Ticket Income: 1 007 160 $
Other Income: 493 508 $
Total Income: 1 500 668 $

Panthers

5 vs 5 Forward 
   Center                   Left Wing                Right Wing               Time % Phy DF OF 
 1 Martin Hanzal            Taylor Hall              Mats Zuccarello          35     0   3  2  
 2 Tomas Plekanec           Andrew Ladd              J.T. Miller              28     0   4  1  
 3 Kyle Brodziak            Matt Moulson             Ales Hemsky              27     0   5  0  
 4 Josh Jooris              Devante Smith-Pelly      Jannik Hansen            10     0   5  0  

5 vs 5 Defense 
   Defense                  Defense                                           Time % Phy DF OF 
 1 Alec Martinez            Jay Bouwmeester                                   35     0   5  0  
 2 Matt Greene              Adam McQuaid                                      30     0   5  0  
 3 Brian Campbell           Nick Schultz                                      20     0   5  0  
 4 Alec Martinez            Matt Greene                                       15     1   4  0  

PowerPlay Forward 
   Center                   Left Wing                Right Wing               Time % Phy DF OF 
 1 J.T. Miller              Taylor Hall              Mats Zuccarello          60     0   0  5  
 2 Tomas Plekanec           Andrew Ladd              Ales Hemsky              40     0   0  5  

PowerPlay Defense
   Defense                  Defense                                           Time % Phy DF OF 
 1 Alec Martinez            Jay Bouwmeester                                   60     0   2  3  
 2 Nick Schultz             Adam McQuaid                                      40     0   3  2  

Penalty Kill 4 Players Forward 
   Center                   Wing                     Time % Phy DF OF 
 1 Kyle Brodziak            Martin Hanzal            60     0   5  0  
 2 Josh Jooris              Devante Smith-Pelly      40     0   5  0  

Penalty Kill 4 Players Defense
   Defense                  Defense                  Time % Phy DF OF 
 1 Adam McQuaid             Jay Bouwmeester          60     0   5  0  
 2 Nick Schultz             Alec Martinez            40     0   5  0  

Penalty Kill - 3 Players Forward 
   Forward                                           Time % Phy DF OF 
 1 Tomas Plekanec                                    60     0   5  0  
 2 Martin Hanzal                                     40     0   5  0  

Penalty Kill - 3 Players Defense
   Defense                  Defense                  Time % Phy DF OF 
 1 Matt Greene              Alec Martinez            60     0   5  0  
 2 Nick Schultz             Adam McQuaid             40     0   5  0  

4 vs 4 Forward 
   Center                   Wing                     Time % Phy DF OF 
 1 Martin Hanzal            Mats Zuccarello          60     0   2  3  
 2 Tomas Plekanec           Taylor Hall              40     0   3  2  

4 vs 4 Defense
   Defense                  Defense                  Time % Phy DF OF 
 1 Jay Bouwmeester          Adam McQuaid             60     0   5  0  
 2 Nick Schultz             Alec Martinez            40     0   5  0  

Last Minutes Offensive
   Center                   Left Wing                Right Wing               Defense                  Defense                  
   Tomas Plekanec           Mats Zuccarello          J.T. Miller              Nick Schultz             Alec Martinez            

Last Minutes Defensive
   Center                   Left Wing                Right Wing               Defense                  Defense                  
   Kyle Brodziak            Mats Zuccarello          J.T. Miller              Jay Bouwmeester          Adam McQuaid             

Goaltenders
Starting : Pekka Rinne              
Backup : Carter Hutton            

Extra Forwards
Normal : Taylor Hall, Josh Jooris, Devante Smith-Pelly - PP : Taylor Hall, Josh Jooris - PK : Devante Smith-Pelly
Extra Defensemen
Normal : Nick Schultz, Matt Greene, Brian Campbell - PP : Nick Schultz - PK : Matt Greene, Brian Campbell
Penalty Shots
Taylor Hall, Mats Zuccarello, J.T. Miller, Tomas Plekanec, Andrew Ladd
Custom OT Lines Forwards
Taylor Hall, Mats Zuccarello, Tomas Plekanec, J.T. Miller, Andrew Ladd, Martin Hanzal, Jannik Hansen, Josh Jooris, Devante Smith-Pelly, Matt Moulson
Custom OT Lines Defensemen
Alec Martinez, Nick Schultz, Brian Campbell, Adam McQuaid, Jay Bouwmeester

Scratches
Ryan White (Healthy), Nathan Beaulieu (Healthy), Corey Tropp (Healthy)

Lightning

5 vs 5 Forward 
   Center                   Left Wing                Right Wing               Time % Phy DF OF 
 1 Antoine Vermette         Nick Foligno             Radim Vrbata             40     1   2  2  
 2 Mikko Koivu              Jonathan Marchessault    Andrew Cogliano          30     1   2  2  
 3 Ryan Nugent-Hopkins      Matt Cullen              Mike Ribeiro             20     1   2  2  
 4 Antoine Vermette         Drew Stafford            Ryan Dzingel             10     1   2  2  

5 vs 5 Defense 
   Defense                  Defense                                           Time % Phy DF OF 
 1 Colin Miller             Noah Hanifin                                      40     1   2  2  
 2 Dennis Seidenberg        Radko Gudas                                       30     1   2  2  
 3 Noah Hanifin             Colin Miller                                      20     1   2  2  
 4 Michal Rozsival          Radko Gudas                                       10     1   2  2  

PowerPlay Forward 
   Center                   Left Wing                Right Wing               Time % Phy DF OF 
 1 Ryan Nugent-Hopkins      Nick Foligno             Mike Ribeiro             60     1   2  2  
 2 Mikko Koivu              Jonathan Marchessault    Radim Vrbata             40     1   2  2  

PowerPlay Defense
   Defense                  Defense                                           Time % Phy DF OF 
 1 Colin Miller             Noah Hanifin                                      60     1   2  2  
 2 Dennis Seidenberg        Radko Gudas                                       40     1   2  2  

Penalty Kill 4 Players Forward 
   Center                   Wing                     Time % Phy DF OF 
 1 Antoine Vermette         Mikko Koivu              60     1   2  2  
 2 Nick Foligno             Radim Vrbata             40     1   2  2  

Penalty Kill 4 Players Defense
   Defense                  Defense                  Time % Phy DF OF 
 1 Noah Hanifin             Colin Miller             60     1   2  2  
 2 Dennis Seidenberg        Radko Gudas              40     1   2  2  

Penalty Kill - 3 Players Forward 
   Forward                                           Time % Phy DF OF 
 1 Antoine Vermette                                  60     1   2  2  
 2 Mikko Koivu                                       40     1   2  2  

Penalty Kill - 3 Players Defense
   Defense                  Defense                  Time % Phy DF OF 
 1 Michal Rozsival          Andrej Sekera            60     1   2  2  
 2 Dennis Seidenberg        Radko Gudas              40     1   2  2  

4 vs 4 Forward 
   Center                   Wing                     Time % Phy DF OF 
 1 Mikko Koivu              Andrew Cogliano          60     1   2  2  
 2 Nick Foligno             Radim Vrbata             40     1   2  2  

4 vs 4 Defense
   Defense                  Defense                  Time % Phy DF OF 
 1 Noah Hanifin             Colin Miller             60     1   2  2  
 2 Dennis Seidenberg        Radko Gudas              40     1   2  2  

Last Minutes Offensive
   Center                   Left Wing                Right Wing               Defense                  Defense                  
   Matt Cullen              Nick Foligno             Radim Vrbata             Noah Hanifin             Colin Miller             

Last Minutes Defensive
   Center                   Left Wing                Right Wing               Defense                  Defense                  
   Antoine Vermette         Nick Foligno             Radim Vrbata             Noah Hanifin             Colin Miller             

Goaltenders
Starting : Braden Holtby            
Backup : Eddie Lack               

Extra Forwards
Normal : Ryan Nugent-Hopkins, Matt Cullen, Antoine Vermette - PP : Ryan Nugent-Hopkins, Matt Cullen - PK : Antoine Vermette
Extra Defensemen
Normal : Noah Hanifin, Colin Miller, Dennis Seidenberg - PP : Noah Hanifin - PK : Colin Miller, Dennis Seidenberg
Penalty Shots
Ryan Nugent-Hopkins, Mikko Koivu, Nick Foligno, Radim Vrbata, Jonathan Marchessault
Custom OT Lines Forwards
Andrew Cogliano, Mikko Koivu, Nick Foligno, Radim Vrbata, Jonathan Marchessault, Ryan Nugent-Hopkins, Matt Cullen, Antoine Vermette, Ryan Dzingel, Mike Ribeiro
Custom OT Lines Defensemen
Michal Rozsival, Andrej Sekera, Dennis Seidenberg, Radko Gudas, Noah Hanifin

Scratches
Eric Tangradi (Healthy), Johnny Boychuk (Healthy), Carl Soderberg (Healthy)

% Time on Ice - Panthers

Lines # - Real PCT - Wanted PCT - Time Play
Normal Forward
1 - 33% - 35% - 18:14
2 - 28% - 28% - 15:12
3 - 23% - 27% - 12:41
4 - 16% - 10% - 8:42
Normal Defense
1 - 33% - 35% - 18:10
2 - 30% - 30% - 16:43
3 - 25% - 20% - 13:55
4 - 11% - 15% - 6:01
PP Forward
1 - 76% - 60% - 3:00
2 - 24% - 40% - 0:58
PP Defense
1 - 73% - 60% - 2:53
2 - 27% - 40% - 1:05
PK Forward
1 - 0% - 60%
2 - 0% - 40%
PK Defense
1 - 0% - 60%
2 - 0% - 40%
PK3 Forward
1 - 0% - 60%
2 - 0% - 40%
PK3 Defense
1 - 0% - 60%
2 - 0% - 40%
44 Forward
1 - 0% - 60%
2 - 0% - 40%
44 Defense
1 - 0% - 60%
2 - 0% - 40%
Last Minute Offensive  - 0:00
Last Minute Defensive  - 1:13
Total
Forward - 60:00
Defense - 60:00

% Time on Ice - Lightning

Lines # - Real PCT - Wanted PCT - Time Play
Normal Forward
1 - 31% - 40% - 17:01
2 - 35% - 30% - 19:18
3 - 21% - 20% - 11:27
4 - 13% - 10% - 7:03
Normal Defense
1 - 37% - 40% - 20:02
2 - 30% - 30% - 16:38
3 - 15% - 20% - 7:59
4 - 19% - 10% - 10:10
PP Forward
1 - 0% - 60%
2 - 0% - 40%
PP Defense
1 - 0% - 60%
2 - 0% - 40%
PK Forward
1 - 82% - 60% - 3:15
2 - 18% - 40% - 0:43
PK Defense
1 - 62% - 60% - 2:28
2 - 38% - 40% - 1:30
PK3 Forward
1 - 0% - 60%
2 - 0% - 40%
PK3 Defense
1 - 0% - 60%
2 - 0% - 40%
44 Forward
1 - 0% - 60%
2 - 0% - 40%
44 Defense
1 - 0% - 60%
2 - 0% - 40%
Last Minute Offensive  - 1:13
Last Minute Defensive  - 0:00
Total
Forward - 60:00
Defense - 60:00

Play by Play

1st period


0:01 of 1st period - Martin Hanzal wins face-off versus Radim Vrbata in neutral zone.
0:10 of 1st period - Radim Vrbata is hit by Taylor Hall and loses puck.
0:15 of 1st period - Snap shot by Taylor Hall.
0:15 of 1st period - Stopped by Braden Holtby with a rebound.
0:33 of 1st period - Wrist shot by Andrew Ladd.
0:33 of 1st period - Shot Blocked by Mikko Koivu.
0:47 of 1st period - Snap shot by Ryan Nugent-Hopkins.
0:47 of 1st period - Stopped by Pekka Rinne without a rebound.
0:48 of 1st period - Kyle Brodziak wins face-off versus Ryan Nugent-Hopkins in Panthers zone.
1:13 of 1st period - Radko Gudas is hit by Devante Smith-Pelly and loses puck.
1:44 of 1st period - Snap shot by Jonathan Marchessault.
1:44 of 1st period - Stopped by Pekka Rinne with a rebound.
2:00 of 1st period - Wrist shot by J.T. Miller.
2:00 of 1st period - Stopped by Braden Holtby without a rebound.
2:01 of 1st period - Ryan Nugent-Hopkins wins face-off versus Kyle Brodziak in Lightning zone.
2:06 of 1st period - Wrist shot by Ryan Nugent-Hopkins.
2:06 of 1st period - Shot Blocked by Matt Moulson.
3:13 of 1st period - Wrist shot by Jannik Hansen.
3:13 of 1st period - Stopped by Braden Holtby with a rebound.
3:15 of 1st period - Snap shot by Devante Smith-Pelly.
3:15 of 1st period - Shot Misses the Net.
3:17 of 1st period - Snap shot by Devante Smith-Pelly.
3:17 of 1st period - Shot Misses the Net.
3:29 of 1st period - Backhand shot by Nick Foligno.
3:29 of 1st period - Shot Misses the Net.
5:48 of 1st period - Slapshot by Taylor Hall.
5:48 of 1st period - Stopped by Braden Holtby with a rebound.
6:06 of 1st period - Slapshot by Matt Moulson.
6:06 of 1st period - Shot Misses the Net.
6:08 of 1st period - Wrist shot by Ales Hemsky.
6:08 of 1st period - Deflect By Matt Moulson.
6:08 of 1st period - Shot Blocked by Jonathan Marchessault.
6:08 of 1st period - Puck is out of play.
6:09 of 1st period - Antoine Vermette wins face-off versus Taylor Hall in Lightning zone.
6:09 of 1st period - Antoine Vermette is hit by Taylor Hall.
6:26 of 1st period - Slapshot by Taylor Hall.
6:26 of 1st period - Deflect By Mats Zuccarello.
6:26 of 1st period - Shot Misses the Net.
6:26 of 1st period - Puck is out of play.
6:27 of 1st period - Tomas Plekanec wins face-off versus Mikko Koivu in Lightning zone.
6:30 of 1st period - Slapshot by Andrew Ladd.
6:30 of 1st period - Shot Misses the Net.
7:01 of 1st period - Nick Schultz is hit by Colin Miller and loses puck.
7:15 of 1st period - Off-side.
7:16 of 1st period - Antoine Vermette wins face-off versus Kyle Brodziak in neutral zone.
8:00 of 1st period - Snap shot by Ales Hemsky.
8:00 of 1st period - Shot Misses the Net.
8:23 of 1st period - Antoine Vermette is hit by Adam McQuaid.
8:34 of 1st period - Off-side.
8:35 of 1st period - Martin Hanzal wins face-off versus Mikko Koivu in neutral zone.
8:38 of 1st period - Mikko Koivu is hit by Mats Zuccarello and loses puck.
9:28 of 1st period - Wrist shot by Jannik Hansen.
9:28 of 1st period - Shot Blocked by Radko Gudas.
9:30 of 1st period - Snap shot by Josh Jooris.
9:30 of 1st period - Stopped by Braden Holtby without a rebound.
9:31 of 1st period - Ryan Nugent-Hopkins wins face-off versus Mats Zuccarello in Lightning zone.
9:38 of 1st period - Taylor Hall is hit by Colin Miller and loses puck.
9:58 of 1st period - Snap shot by J.T. Miller.
9:58 of 1st period - Stopped by Braden Holtby without a rebound.
9:59 of 1st period - Mikko Koivu wins face-off versus Tomas Plekanec in Lightning zone.
10:06 of 1st period - Snap shot by Andrew Ladd.
10:06 of 1st period - Stopped by Braden Holtby with a rebound.
10:08 of 1st period - Wrist shot by Andrew Ladd.
10:08 of 1st period - Shot Misses the Net.
10:10 of 1st period - Slapshot by Adam McQuaid.
10:10 of 1st period - Stopped by Braden Holtby without a rebound.
10:11 of 1st period - Martin Hanzal wins face-off versus Antoine Vermette in Lightning zone.
10:20 of 1st period - Snap shot by Nick Foligno.
10:20 of 1st period - Stopped by Pekka Rinne without a rebound.
10:21 of 1st period - Martin Hanzal wins face-off versus Antoine Vermette in Panthers zone.
10:21 of 1st period - Martin Hanzal is hit by Radim Vrbata.
10:39 of 1st period - Wrist shot by Radim Vrbata.
10:39 of 1st period - Deflect By Antoine Vermette.
10:39 of 1st period - Shot Misses the Net.
10:39 of 1st period - Puck is out of play.
10:40 of 1st period - Mikko Koivu wins face-off versus Tomas Plekanec in Panthers zone.
10:41 of 1st period - Wrist shot by Jonathan Marchessault.
10:41 of 1st period - Shot Misses the Net.
10:47 of 1st period - Wrist shot by Andrew Ladd.
10:47 of 1st period - Shot Misses the Net.
11:19 of 1st period - Snap shot by Radim Vrbata.
11:19 of 1st period - Shot Misses the Net.
11:31 of 1st period - Alec Martinez is hit by Mike Ribeiro and loses puck.
11:56 of 1st period - Snap shot by Drew Stafford.
11:56 of 1st period - Shot Blocked by Jay Bouwmeester.
11:58 of 1st period - Slapshot by Noah Hanifin.
11:58 of 1st period - Stopped by Pekka Rinne without a rebound.
11:59 of 1st period - Tomas Plekanec wins face-off versus Jonathan Marchessault in Panthers zone.
12:35 of 1st period - Wrist shot by Taylor Hall.
12:35 of 1st period - Stopped by Braden Holtby without a rebound.
12:36 of 1st period - Kyle Brodziak wins face-off versus Antoine Vermette in Lightning zone.
12:37 of 1st period - Wrist shot by Ales Hemsky.
12:37 of 1st period - Shot Blocked by Michal Rozsival.
13:01 of 1st period - Andrew Ladd is hit by Jonathan Marchessault and loses puck.
13:06 of 1st period - Snap shot by Jonathan Marchessault.
13:06 of 1st period - Stopped by Pekka Rinne with a rebound.
13:08 of 1st period - Slapshot by Dennis Seidenberg.
13:08 of 1st period - Stopped by Pekka Rinne with a rebound.
13:10 of 1st period - Snap shot by Mikko Koivu.
13:10 of 1st period - Shot Misses the Net.
14:05 of 1st period - Wrist shot by Ryan Nugent-Hopkins.
14:05 of 1st period - Shot Misses the Net.
14:21 of 1st period - Slapshot by Mats Zuccarello.
14:21 of 1st period - Shot Blocked by Radko Gudas.
15:07 of 1st period - Wrist shot by Mike Ribeiro.
15:07 of 1st period - Shot Misses the Net.
15:09 of 1st period - Slapshot by Radko Gudas.
15:09 of 1st period - Stopped by Pekka Rinne with a rebound.
15:21 of 1st period - Wrist shot by Mats Zuccarello.
15:21 of 1st period - Stopped by Braden Holtby with a rebound.
15:49 of 1st period - Snap shot by Ryan Nugent-Hopkins.
15:49 of 1st period - Stopped by Pekka Rinne without a rebound.
15:50 of 1st period - Antoine Vermette wins face-off versus Tomas Plekanec in Panthers zone.
15:51 of 1st period - Snap shot by Radim Vrbata.
15:51 of 1st period - Deflect By Nick Foligno.
15:51 of 1st period - Stopped by Pekka Rinne with a rebound.
15:57 of 1st period - Slapshot by Andrew Ladd.
15:57 of 1st period - Stopped by Braden Holtby with a rebound.
16:15 of 1st period - Nick Schultz is hit by Mikko Koivu and loses puck.
16:20 of 1st period - Wrist shot by Mikko Koivu.
16:20 of 1st period - Stopped by Pekka Rinne without a rebound.
16:21 of 1st period - Antoine Vermette wins face-off versus Kyle Brodziak in Panthers zone.
16:30 of 1st period - Snap shot by Radim Vrbata.
16:30 of 1st period - Stopped by Pekka Rinne without a rebound.
16:31 of 1st period - Kyle Brodziak wins face-off versus Radim Vrbata in Panthers zone.
16:42 of 1st period - Snap shot by Radim Vrbata.
16:42 of 1st period - Stopped by Pekka Rinne with a rebound.
16:44 of 1st period - Slapshot by Colin Miller.
16:44 of 1st period - Shot Blocked by Matt Moulson.
16:46 of 1st period - Snap shot by Antoine Vermette.
16:46 of 1st period - Stopped by Pekka Rinne without a rebound.
16:47 of 1st period - Tomas Plekanec wins face-off versus Mikko Koivu in Panthers zone.
16:47 of 1st period - Tomas Plekanec is hit by Andrew Cogliano.
16:59 of 1st period - Snap shot by Jonathan Marchessault.
16:59 of 1st period - Stopped by Pekka Rinne without a rebound.
17:00 of 1st period - Antoine Vermette wins face-off versus Tomas Plekanec in Panthers zone.
17:10 of 1st period - Icing by Brian Campbell.
17:11 of 1st period - Tomas Plekanec wins face-off versus Antoine Vermette in Panthers zone.
17:38 of 1st period - Wrist shot by J.T. Miller.
17:38 of 1st period - Shot Misses the Net.
17:40 of 1st period - Slapshot by Nick Schultz.
17:40 of 1st period - Shot Misses the Net.
17:42 of 1st period - Snap shot by J.T. Miller.
17:42 of 1st period - Shot Misses the Net.
17:44 of 1st period - Snap shot by Andrew Ladd.
17:44 of 1st period - Goal by Andrew Ladd - Panthers : 1 - Lightning : 0.
17:45 of 1st period - Mikko Koivu wins face-off versus Kyle Brodziak in neutral zone.
17:56 of 1st period - Snap shot by Kyle Brodziak.
17:56 of 1st period - Stopped by Braden Holtby without a rebound.
17:57 of 1st period - Antoine Vermette wins face-off versus Kyle Brodziak in Lightning zone.
17:57 of 1st period - Antoine Vermette is hit by Alec Martinez.
18:32 of 1st period - Snap shot by Ryan Nugent-Hopkins.
18:32 of 1st period - Stopped by Pekka Rinne without a rebound.
18:33 of 1st period - Ryan Nugent-Hopkins wins face-off versus Jannik Hansen in Panthers zone.
18:38 of 1st period - Wrist shot by Mike Ribeiro.
18:38 of 1st period - Stopped by Pekka Rinne without a rebound.
18:39 of 1st period - Antoine Vermette wins face-off versus Josh Jooris in Panthers zone.
18:42 of 1st period - Snap shot by Nick Foligno.
18:42 of 1st period - Stopped by Pekka Rinne with a rebound.
18:44 of 1st period - Slapshot by Noah Hanifin.
18:44 of 1st period - Stopped by Pekka Rinne without a rebound.
18:45 of 1st period - Tomas Plekanec wins face-off versus Antoine Vermette in Panthers zone.
18:45 of 1st period - Tomas Plekanec is hit by Antoine Vermette.
19:15 of 1st period - Snap shot by Devante Smith-Pelly.
19:15 of 1st period - Stopped by Braden Holtby without a rebound.
19:16 of 1st period - Kyle Brodziak wins face-off versus Mikko Koivu in Lightning zone.
19:19 of 1st period - Snap shot by Matt Moulson.
19:19 of 1st period - Shot Blocked by Dennis Seidenberg.
19:37 of 1st period - Snap shot by Jonathan Marchessault.
19:37 of 1st period - Stopped by Pekka Rinne without a rebound.
19:38 of 1st period - Tomas Plekanec wins face-off versus Antoine Vermette in Panthers zone.
Goals for this period are 1 for Panthers vs 0 for Lightning.
Shots for this period are 14 for Panthers vs 19 for Lightning.

2nd period


0:01 of 2nd period - Antoine Vermette wins face-off versus Martin Hanzal in neutral zone.
1:01 of 2nd period - Snap shot by Jannik Hansen.
1:01 of 2nd period - Stopped by Braden Holtby with a rebound.
1:11 of 2nd period - Ales Hemsky is hit by Antoine Vermette.
2:04 of 2nd period - Ryan Nugent-Hopkins is hit by Tomas Plekanec and loses puck.
2:15 of 2nd period - Wrist shot by Ales Hemsky.
2:15 of 2nd period - Goal by Ales Hemsky - Panthers : 2 - Lightning : 0.
2:16 of 2nd period - Martin Hanzal wins face-off versus Antoine Vermette in neutral zone.
2:48 of 2nd period - Wrist shot by Ales Hemsky.
2:48 of 2nd period - Shot Misses the Net.
2:50 of 2nd period - Wrist shot by Kyle Brodziak.
2:50 of 2nd period - Stopped by Braden Holtby without a rebound.
2:51 of 2nd period - Kyle Brodziak wins face-off versus Mikko Koivu in Lightning zone.
2:52 of 2nd period - Snap shot by Ales Hemsky.
2:52 of 2nd period - Stopped by Braden Holtby with a rebound.
2:54 of 2nd period - Snap shot by Kyle Brodziak.
2:54 of 2nd period - Shot Misses the Net.
2:56 of 2nd period - Snap shot by Kyle Brodziak.
2:56 of 2nd period - Stopped by Braden Holtby with a rebound.
2:58 of 2nd period - Slapshot by Matt Moulson.
2:58 of 2nd period - Stopped by Braden Holtby without a rebound.
2:59 of 2nd period - Mikko Koivu wins face-off versus Kyle Brodziak in Lightning zone.
3:12 of 2nd period - Backhand shot by Mikko Koivu.
3:12 of 2nd period - Shot Misses the Net.
3:14 of 2nd period - Slapshot by Noah Hanifin.
3:14 of 2nd period - Deflect By Alec Martinez.
3:14 of 2nd period - Goal by Noah Hanifin - Panthers : 2 - Lightning : 1.
3:15 of 2nd period - Tomas Plekanec wins face-off versus Antoine Vermette in neutral zone.
3:18 of 2nd period - Snap shot by Andrew Ladd.
3:18 of 2nd period - Shot Misses the Net.
3:20 of 2nd period - Slapshot by Jay Bouwmeester.
3:20 of 2nd period - Shot Misses the Net.
3:22 of 2nd period - Slapshot by Tomas Plekanec.
3:22 of 2nd period - Stopped by Braden Holtby without a rebound.
3:23 of 2nd period - Antoine Vermette wins face-off versus Tomas Plekanec in Lightning zone.
3:51 of 2nd period - Slapshot by Tomas Plekanec.
3:51 of 2nd period - Shot Misses the Net.
3:53 of 2nd period - Snap shot by Tomas Plekanec.
3:53 of 2nd period - Stopped by Braden Holtby with a rebound.
4:07 of 2nd period - Snap shot by Andrew Ladd.
4:07 of 2nd period - Shot Misses the Net.
4:09 of 2nd period - Wrist shot by J.T. Miller.
4:09 of 2nd period - Deflect By Nick Foligno.
4:09 of 2nd period - Shot Misses the Net.
4:09 of 2nd period - Puck is out of play.
4:10 of 2nd period - Mikko Koivu wins face-off versus Martin Hanzal in Lightning zone.
4:36 of 2nd period - Josh Jooris is hit by Mike Ribeiro and loses puck.
4:47 of 2nd period - Slapshot by Ryan Nugent-Hopkins.
4:47 of 2nd period - Stopped by Pekka Rinne with a rebound.
5:43 of 2nd period - Off-side.
5:44 of 2nd period - Kyle Brodziak wins face-off versus Antoine Vermette in neutral zone.
5:51 of 2nd period - Wrist shot by Ales Hemsky.
5:51 of 2nd period - Stopped by Braden Holtby without a rebound.
5:52 of 2nd period - Mikko Koivu wins face-off versus Kyle Brodziak in Lightning zone.
6:25 of 2nd period - Icing by Nick Foligno.
6:26 of 2nd period - Martin Hanzal wins face-off versus Antoine Vermette in Lightning zone.
7:35 of 2nd period - Slapshot by Radim Vrbata.
7:35 of 2nd period - Stopped by Pekka Rinne with a rebound.
7:43 of 2nd period - Wrist shot by Radim Vrbata.
7:43 of 2nd period - Stopped by Pekka Rinne with a rebound.
7:45 of 2nd period - Snap shot by Nick Foligno.
7:45 of 2nd period - Deflect By Antoine Vermette.
7:45 of 2nd period - Stopped by Pekka Rinne with a rebound.
7:47 of 2nd period - Snap shot by Antoine Vermette.
7:47 of 2nd period - Stopped by Pekka Rinne without a rebound.
7:48 of 2nd period - Mikko Koivu wins face-off versus Tomas Plekanec in Panthers zone.
7:57 of 2nd period - Slapshot by Mikko Koivu.
7:57 of 2nd period - Shot Misses the Net.
8:03 of 2nd period - Slapshot by Mikko Koivu.
8:03 of 2nd period - Shot Misses the Net.
8:15 of 2nd period - Kyle Brodziak is hit by Dennis Seidenberg and loses puck.
8:22 of 2nd period - Wrist shot by Kyle Brodziak.
8:22 of 2nd period - Shot Blocked by Radko Gudas.
8:24 of 2nd period - Snap shot by Matt Moulson.
8:24 of 2nd period - Shot Misses the Net.
9:18 of 2nd period - Jay Bouwmeester is hit by Noah Hanifin and loses puck.
9:33 of 2nd period - Drew Stafford is hit by Devante Smith-Pelly and loses puck.
11:44 of 2nd period - Antoine Vermette is hit by Martin Hanzal and loses puck.
12:05 of 2nd period - Matt Cullen is hit by Josh Jooris and loses puck.
12:14 of 2nd period - Ryan Nugent-Hopkins is hit by Adam McQuaid and loses puck.
13:10 of 2nd period - Slapshot by Matt Moulson.
13:10 of 2nd period - Stopped by Braden Holtby without a rebound.
13:11 of 2nd period - Matt Cullen wins face-off versus Kyle Brodziak in Lightning zone.
13:27 of 2nd period - Matt Moulson is hit by Radko Gudas and loses puck.
13:33 of 2nd period - Off-side.
13:34 of 2nd period - Martin Hanzal wins face-off versus Antoine Vermette in neutral zone.
13:45 of 2nd period - Drew Stafford is hit by Nick Schultz and loses puck.
14:14 of 2nd period - Snap shot by Antoine Vermette.
14:14 of 2nd period - Shot Misses the Net.
14:16 of 2nd period - Slapshot by Antoine Vermette.
14:16 of 2nd period - Stopped by Pekka Rinne without a rebound.
14:17 of 2nd period - Mikko Koivu wins face-off versus Tomas Plekanec in Panthers zone.
14:20 of 2nd period - Slapshot by Andrew Cogliano.
14:20 of 2nd period - Shot Misses the Net.
15:04 of 2nd period - Snap shot by Nick Foligno.
15:04 of 2nd period - Stopped by Pekka Rinne without a rebound.
15:05 of 2nd period - Josh Jooris wins face-off versus Antoine Vermette in Panthers zone.
15:14 of 2nd period - Snap shot by Josh Jooris.
15:14 of 2nd period - Stopped by Braden Holtby without a rebound.
15:15 of 2nd period - Mikko Koivu wins face-off versus Martin Hanzal in Lightning zone.
15:58 of 2nd period - Off-side.
15:59 of 2nd period - Ryan Nugent-Hopkins wins face-off versus Kyle Brodziak in neutral zone.
16:02 of 2nd period - Slapshot by Noah Hanifin.
16:02 of 2nd period - Shot Misses the Net.
16:12 of 2nd period - Snap shot by Ryan Nugent-Hopkins.
16:12 of 2nd period - Shot Misses the Net.
16:54 of 2nd period - Wrist shot by Alec Martinez.
16:54 of 2nd period - Deflect By Tomas Plekanec.
16:54 of 2nd period - Stopped by Braden Holtby with a rebound.
16:56 of 2nd period - Wrist shot by Jay Bouwmeester.
16:56 of 2nd period - Stopped by Braden Holtby without a rebound.
16:57 of 2nd period - Antoine Vermette wins face-off versus Martin Hanzal in Lightning zone.
17:22 of 2nd period - Dennis Seidenberg is hit by Adam McQuaid and loses puck.
17:45 of 2nd period - Jonathan Marchessault is hit by Brian Campbell and loses puck.
17:50 of 2nd period - Snap shot by Jannik Hansen.
17:50 of 2nd period - Stopped by Braden Holtby without a rebound.
17:51 of 2nd period - Josh Jooris wins face-off versus Antoine Vermette in Lightning zone.
17:52 of 2nd period - Slapshot by Alec Martinez.
17:52 of 2nd period - Stopped by Braden Holtby with a rebound.
19:14 of 2nd period - Colin Miller is hit by Josh Jooris and loses puck.
19:25 of 2nd period - Snap shot by Jonathan Marchessault.
19:25 of 2nd period - Shot Misses the Net.
19:27 of 2nd period - Wrist shot by Jonathan Marchessault.
19:27 of 2nd period - Shot Blocked by Jay Bouwmeester.
19:29 of 2nd period - Snap shot by Jonathan Marchessault.
19:29 of 2nd period - Stopped by Pekka Rinne without a rebound.
19:30 of 2nd period - Taylor Hall wins face-off versus Antoine Vermette in Panthers zone.
19:35 of 2nd period - Snap shot by Martin Hanzal.
19:35 of 2nd period - Shot Hit the Post.
19:57 of 2nd period - Mike Ribeiro is hit by Kyle Brodziak and loses puck.
Goals for this period are 1 for Panthers vs 1 for Lightning.
Shots for this period are 15 for Panthers vs 9 for Lightning.

3rd period


0:01 of 3rd period - Nick Foligno wins face-off versus J.T. Miller in neutral zone.
0:06 of 3rd period - Slapshot by Noah Hanifin.
0:06 of 3rd period - Shot Misses the Net.
0:08 of 3rd period - Snap shot by Radim Vrbata.
0:08 of 3rd period - Stopped by Pekka Rinne without a rebound.
0:09 of 3rd period - Tomas Plekanec wins face-off versus Antoine Vermette in Panthers zone.
0:09 of 3rd period - Tomas Plekanec is hit by Nick Foligno.
0:35 of 3rd period - Icing by Colin Miller.
0:36 of 3rd period - Martin Hanzal wins face-off versus Antoine Vermette in Lightning zone.
0:59 of 3rd period - Minor Penalty to Antoine Vermette for Hooking.
1:00 of 3rd period - Taylor Hall wins face-off versus Andrew Cogliano in Lightning zone.
1:15 of 3rd period - Snap shot by Taylor Hall.
1:15 of 3rd period - Shot Blocked by Mikko Koivu.
1:17 of 3rd period - Wrist shot by J.T. Miller.
1:17 of 3rd period - Stopped by Braden Holtby without a rebound.
1:18 of 3rd period - Andrew Cogliano wins face-off versus Tomas Plekanec in Lightning zone.
1:29 of 3rd period - Snap shot by Tomas Plekanec.
1:29 of 3rd period - Stopped by Braden Holtby with a rebound.
1:31 of 3rd period - Wrist shot by Tomas Plekanec.
1:31 of 3rd period - Shot Blocked by Colin Miller.
2:18 of 3rd period - Off-side.
2:19 of 3rd period - J.T. Miller wins face-off versus Andrew Cogliano in neutral zone.
2:24 of 3rd period - Slapshot by Taylor Hall.
2:24 of 3rd period - Shot Hit the Post.
2:26 of 3rd period - Snap shot by Taylor Hall.
2:26 of 3rd period - Shot Misses the Net.
2:28 of 3rd period - Wrist shot by Alec Martinez.
2:28 of 3rd period - Stopped by Braden Holtby with a rebound.
2:30 of 3rd period - Snap shot by Jay Bouwmeester.
2:30 of 3rd period - Stopped by Braden Holtby without a rebound.
2:31 of 3rd period - J.T. Miller wins face-off versus Andrew Cogliano in Lightning zone.
2:50 of 3rd period - Noah Hanifin is hit by Mats Zuccarello and loses puck.
2:59 of 3rd period - Penalty to Antoine Vermette is over, Antoine Vermette is back on ice.
3:03 of 3rd period - Snap shot by Taylor Hall.
3:03 of 3rd period - Shot Blocked by Noah Hanifin.
3:21 of 3rd period - Snap shot by Mats Zuccarello.
3:21 of 3rd period - Shot Blocked by Colin Miller.
3:40 of 3rd period - Slapshot by J.T. Miller.
3:40 of 3rd period - Stopped by Braden Holtby without a rebound.
3:41 of 3rd period - Mikko Koivu wins face-off versus Kyle Brodziak in Lightning zone.
5:19 of 3rd period - Colin Miller is hit by Tomas Plekanec.
5:31 of 3rd period - Alec Martinez is hit by Andrew Cogliano and loses puck.
6:02 of 3rd period - Snap shot by Mats Zuccarello.
6:02 of 3rd period - Shot Blocked by Radko Gudas.
6:22 of 3rd period - Wrist shot by Drew Stafford.
6:22 of 3rd period - Stopped by Pekka Rinne with a rebound.
6:44 of 3rd period - Josh Jooris is hit by Noah Hanifin and loses puck.
7:07 of 3rd period - Snap shot by J.T. Miller.
7:07 of 3rd period - Deflect By Andrew Ladd.
7:07 of 3rd period - Stopped by Braden Holtby with a rebound.
7:39 of 3rd period - Noah Hanifin is hit by Devante Smith-Pelly and loses puck.
8:06 of 3rd period - Tomas Plekanec is hit by Michal Rozsival and loses puck.
8:21 of 3rd period - Drew Stafford is hit by Brian Campbell and loses puck.
8:46 of 3rd period - Radim Vrbata is hit by Josh Jooris and loses puck.
9:17 of 3rd period - Colin Miller is hit by Matt Moulson and loses puck.
9:36 of 3rd period - Noah Hanifin is hit by Brian Campbell and loses puck.
9:54 of 3rd period - Minor Penalty to Radko Gudas for Hooking.
9:55 of 3rd period - J.T. Miller wins face-off versus Antoine Vermette in Lightning zone.
9:55 of 3rd period - Slapshot by Taylor Hall.
9:55 of 3rd period - Stopped by Braden Holtby with a rebound.
10:41 of 3rd period - Icing by Mats Zuccarello.
10:42 of 3rd period - Radim Vrbata wins face-off versus J.T. Miller in Panthers zone.
11:42 of 3rd period - Radim Vrbata is hit by Jay Bouwmeester and loses puck.
11:54 of 3rd period - Penalty to Radko Gudas is over, Radko Gudas is back on ice.
12:00 of 3rd period - Michal Rozsival is hit by Adam McQuaid and loses puck.
12:21 of 3rd period - Radim Vrbata is hit by J.T. Miller and loses puck.
13:05 of 3rd period - Radim Vrbata is hit by Taylor Hall and loses puck.
13:10 of 3rd period - Snap shot by Mats Zuccarello.
13:10 of 3rd period - Shot Misses the Net.
13:24 of 3rd period - Nick Foligno is hit by Nick Schultz and loses puck.
14:26 of 3rd period - Snap shot by Radim Vrbata.
14:26 of 3rd period - Stopped by Pekka Rinne without a rebound.
14:27 of 3rd period - Mikko Koivu wins face-off versus Kyle Brodziak in Panthers zone.
15:12 of 3rd period - Snap shot by Jannik Hansen.
15:12 of 3rd period - Stopped by Braden Holtby without a rebound.
15:13 of 3rd period - Tomas Plekanec wins face-off versus Mikko Koivu in Lightning zone.
16:33 of 3rd period - Icing by Noah Hanifin.
16:34 of 3rd period - Tomas Plekanec wins face-off versus Matt Cullen in Lightning zone.
16:45 of 3rd period - Icing by Mikko Koivu.
16:46 of 3rd period - Tomas Plekanec wins face-off versus Mikko Koivu in Lightning zone.
18:09 of 3rd period - Ryan Nugent-Hopkins is hit by Kyle Brodziak and loses puck.
18:51 of 3rd period - Off-side.
18:52 of 3rd period - Ken Hitchcock call a timeout for Lightning.
18:52 of 3rd period - Martin Hanzal wins face-off versus Matt Cullen in neutral zone.
19:19 of 3rd period - Slapshot by Martin Hanzal.
19:19 of 3rd period - Shot Misses the Net.
19:21 of 3rd period - Snap shot by Jay Bouwmeester.
19:21 of 3rd period - Shot Misses the Net.
19:31 of 3rd period - Off-side.
19:32 of 3rd period - Martin Hanzal wins face-off versus Matt Cullen in neutral zone.
19:37 of 3rd period - Snap shot by Devante Smith-Pelly.
19:37 of 3rd period - Stopped by Braden Holtby without a rebound.
19:38 of 3rd period - Ales Hemsky wins face-off versus Matt Cullen in Lightning zone.
19:51 of 3rd period - Snap shot by Martin Hanzal.
19:51 of 3rd period - Stopped by Braden Holtby with a rebound.
19:53 of 3rd period - Wrist shot by Martin Hanzal.
19:53 of 3rd period - Stopped by Braden Holtby without a rebound.
19:54 of 3rd period - Matt Cullen wins face-off versus Ales Hemsky in Lightning zone.
Goals for this period are 0 for Panthers vs 0 for Lightning.
Shots for this period are 11 for Panthers vs 3 for Lightning.